 Dungeon Crawl Stone Soup version 0.23-a0-182-g58cdd98 (webtiles) character file.

2613 Gildeon the Destroyer (level 9, -12/48 HPs)
             Began as a Deep Elf Conjurer on Sept 20, 2018.
             Was a Follower of Vehumet.
             Splashed by Maurice's acid (13 damage)
             ... on level 8 of the Dungeon.
             The game lasted 00:56:44 (8522 turns).

Gildeon the Destroyer (Deep Elf Conjurer)           Turns: 8522, Time: 00:56:44

Health: -12/48     AC:  1    Str:  5    XL:     9   Next: 34%
Magic:  9/20       EV: 14    Int: 29    God:    Vehumet [*.....]
Gold:   350        SH:  5    Dex: 15    Spells: 1/20 levels left

rFire    . . .     SeeInvis .   a - +0 dagger
rCold    . . .     Gourm    .   F - +0 buckler
rNeg     . . .     Faith    .   D - +0 leather armour
rPois    +         Spirit   .   (no helmet)
rElec    .         Reflect  .   m - +1 cloak
rCorr    .         Harm     .   (no gloves)
MR       +....                  (no boots)
Stlth    +++.......             j - amulet of regeneration
HPRegen  0.56/turn              q - ring of poison resistance
MPRegen  0.17/turn              v - ring of protection from magic

@: brilliant, corroded
A: no striking features
a: Renounce Religion


You were on level 8 of the Dungeon.
You worshipped Vehumet.
Vehumet was aware of your devotion.
You were not hungry.

You visited 2 branches of the dungeon, and saw 9 of its levels.
You also visited: Sewer.

You collected 350 gold pieces.

Inventory:

Hand Weapons
 a - a +0 dagger (weapon)
Armour
 m - a +1 cloak (worn)
 C - a +0 robe
 D - a +0 leather armour (worn)
 F - a +0 buckler (worn)
 J - the cursed +1 leather armour of Muryvom {*Contam rPois Stlth+, unknown}
   (You found it on level 7 of the Dungeon)

   It protects you from poison.
   It causes magical contamination when unequipped.
   It makes you more stealthy.
   It has a curse placed upon it.
Jewellery
 f - a cursed -2 ring of slaying {unknown}
 j - an amulet of regeneration (around neck)
 q - a ring of poison resistance (left hand)
 v - a ring of protection from magic (right hand)
Wands
 x - a wand of scattershot (5)
Scrolls
 b - 3 scrolls of blinking
 d - 4 scrolls of enchant armour
 e - a scroll of fear {unknown}
 k - 5 scrolls of remove curse
 n - a scroll of noise {unknown}
 o - a scroll of amnesia {unknown}
 p - 3 scrolls of enchant weapon {unknown}
 r - 2 scrolls of immolation {unknown}
 t - 2 scrolls of magic mapping {unknown}
 y - 5 scrolls of teleportation
 G - a scroll of vulnerability {unknown}
 K - a scroll of random uselessness {unknown}
Potions
 g - 3 potions of haste
 h - a potion of resistance {unknown}
 i - a potion of ambrosia {unknown}
 l - 2 potions of mutation
 s - a potion of invisibility {unknown}
 u - a potion of agility
 w - 2 potions of brilliance
 z - a potion of curing
 A - a potion of flight {unknown}
 B - 5 potions of might
 E - a potion of cancellation {unknown}
 H - a potion of degeneration {unknown}
 I - a potion of lignification {unknown}
Comestibles
 c - 17 rations


   Skills:
 - Level 2.0 Fighting
 - Level 2.0 Short Blades
 - Level 2.1 Armour
 + Level 5.9 Dodging
 + Level 6.1 Stealth
 + Level 2.9 Shields
 + Level 6.3 Spellcasting
 + Level 8.7 Conjurations
 - Level 4.0 Hexes
 - Level 3.0 Evocations


You had one spell level left.
You knew the following spells:

 Your Spells              Type           Power        Failure   Level  Hunger
a - Magic Dart            Conj           ####         1%          1    None
b - Searing Ray           Conj           ######       1%          2    None
c - Dazzling Spray        Conj/Hex       ######       1%          3    None
d - Iskenderun's Mystic   Conj           ######..     1%          4    ###....
e - Fulminant Prism       Conj/Hex       ######....   1%          4    ###....
f - Force Lance           Conj/Tloc      ######..     2%          4    ###....
g - Shock                 Conj/Air       ####         1%          1    None

Your spell library contained the following spells:

 Spells                   Type           Power        Failure   Level  Hunger


Dungeon Overview and Level Annotations

Branches:
Dungeon (8/15)             Temple (1/1) D:5
   Lair: D:8-11

Altars:
Ashenzari
Cheibriados
Dithmenos
Elyvilon
Gozag
Hepliaklqana
Okawaru
Ru
Vehumet
Yredelemnul
Zin

Annotations:
D:6 Troll
D:8 Maurice


Message History

Maurice unwields an uncursed short sword.
Maurice drops an uncursed short sword.
Maurice picks up a hand axe.
Maurice wields a hand axe.
Casting: Iskenderun's Mystic Blast (safe; 1% risk of failure)
Confirm with . or Enter, or press ? or * to list all spells.
Aiming: Searing Ray (safe; 1% risk of failure)
Press: ? - help, Shift-Dir - straight line, f/p - Maurice
Aim: Maurice, wielding a hand axe, wearing a cloak and carrying a wand of acid The searing ray hits Maurice.
Maurice is severely wounded. (Press . to maintain the ray.) Maurice casts a spell.
Maurice flickers and vanishes!
Deactivating autopickup; reactivate with Ctrl-A.
You hear a zap.
A bolt of acid appears from out of thin air!
The bolt of acid hits you!
* * * LOW HITPOINT WARNING * * *
The acid corrodes you!
You are splashed with acid!
The acid burns!
You die...

#.....< #.....#
##.....# #......#
#..)...# #...)..#
#{# #)# ###### #@#
###....#### #.#
#....#....###'######
#....#....##.......#
#....#....##.......#
#....#....##.......#
###<†..............#
#######.[......###
#.......##


There were no monsters in sight!

Vanquished Creatures
  A spriggan (D:7)
  Edmund (D:5)
  A water moccasin (D:8)
  Duvessa (D:5)
  3 sky beasts
  An orc warrior (D:6)
  2 black bears
  A phantom (D:7)
  3 ogres
  2 centaurs
  4 bullfrogs (D:6)
  Dowan (D:5)
  A water moccasin zombie (D:7)
  A centaur zombie (D:7)
  2 crimson imps
  An orc priest (D:8)
  A centaur skeleton (D:6)
  3 bullfrog skeletons
  An orc wizard (D:6)
  7 worker ants
  A hound skeleton (D:6)
  14 adders
  A shadow imp (D:7)
  An adder zombie (D:6)
  An adder skeleton (D:5)
  2 worms (D:4)
  2 dart slugs
  5 leopard geckos
  9 orcs
  5 giant cockroaches
  5 goblins
  6 hobgoblins
  25 jackals
  5 quokkas
  4 ball pythons
  4 bats
  6 frilled lizards
  A jackal zombie (D:5)
  6 kobolds (Sewer)
  2 quokka skeletons
  7 rats
  A fulminant prism (D:8)
151 creatures vanquished.

Vanquished Creatures (others)
  An orc (D:8)
  A plant (Sewer)
2 creatures vanquished.

Grand Total: 153 creatures vanquished

Notes
Turn   | Place    | Note
-------+----------+-------------------------------------------
     0 | D:1      | Gildeon the Deep Elf Conjurer began the quest for the Orb.
     0 | D:1      | Reached XP level 1. HP: 10/10 MP: 6/6
   645 | D:1      | Reached XP level 2. HP: 15/15 MP: 6/8
   656 | D:1      | Learned a level 2 spell: Searing Ray
  1244 | D:2      | Reached XP level 3. HP: 19/19 MP: 6/10
  1249 | D:2      | Learned a level 3 spell: Dazzling Spray
  2210 | D:3      | Reached XP level 4. HP: 24/24 MP: 6/11
  2308 | D:3      | Learned a level 4 spell: Iskenderun's Mystic Blast
  2712 | D:3      | Reached skill level 5 in Conjurations
  2727 | D:3      | Found an iron altar of Okawaru.
  3108 | D:4      | Reached XP level 5. HP: 27/28 MP: 4/13
  3144 | D:4      | Found a glowing drain.
  3162 | Sewer    | Entered a sewer
  4529 | D:4      | Reached XP level 6. HP: 32/32 MP: 11/15
  4535 | D:4      | Learned a level 4 spell: Fulminant Prism
  4589 | D:5      | Entered Level 5 of the Dungeon
  4833 | D:5      | Noticed Edmund
  4846 | D:5      | Killed Edmund
  4846 | D:5      | Reached skill level 5 in Stealth
  4846 | D:5      | Reached skill level 5 in Spellcasting
  4931 | D:5      | Noticed a sky beast
  4939 | D:5      | Killed a sky beast
  4939 | D:5      | Reached skill level 5 in Dodging
  4939 | D:5      | Reached skill level 6 in Conjurations
  4939 | D:5      | Reached skill level 1 in Hexes
  5011 | D:5      | Reached XP level 7. HP: 36/36 MP: 9/16
  5179 | D:5      | Reached skill level 1 in Short Blades
  5179 | D:5      | Reached skill level 1 in Evocations
  5204 | D:5      | Found a staircase to the Ecumenical Temple.
  5216 | Temple   | Entered the Ecumenical Temple
  5269 | Temple   | Became a worshipper of Vehumet
  5612 | D:5      | Noticed Dowan
  5615 | D:5      | Noticed Duvessa
  5626 | D:5      | Killed Duvessa
  5626 | D:5      | Reached skill level 1 in Fighting
  5636 | D:5      | Killed Dowan
  5636 | D:5      | Reached skill level 1 in Shields
  5772 | D:5      | Reached skill level 1 in Armour
  5781 | D:5      | Reached skill level 7 in Conjurations
  5943 | D:6      | Reached XP level 8. HP: 41/43 MP: 11/17
  6725 | D:6      | Noticed a troll
  6726 | D:6      | Reached * piety under Vehumet
  6726 | D:6      | Offered knowledge of Shock by Vehumet.
  6726 | D:6      | Reached skill level 8 in Conjurations
  7098 | D:6      | Learned a level 1 spell: Shock
  7282 | D:7      | Reached XP level 9. HP: 33/48 MP: 1/19
  7288 | D:7      | Learned a level 4 spell: Force Lance
  7550 | D:7      | Got a scorched leather armour
  8512 | D:8      | Noticed Maurice
  8522 | D:8      | HP: 1/48 [something/wand of acid (8) (23)]
  8522 | D:8      | Splashed by Maurice's acid

Vault maps used:
D:1:      scummos_arrival_gate
D:2:      cheibrodos_old_hovel, first_ration, minivault_25
D:3:      okawaru_metal_pillars_1_2
D:4:      cheibrodos_sewer_entry_sluice
D:5:      minmay_temple_entry_overgrown, uniq_duvessa, uniq_edmund
D:7:      the_bakery, kb_lookout_dungeons_type
D:8:      dancing_weapons_uskayaw, marbit_many_paths, kennysheep_potato,
          uniq_joseph, uniq_harold, uniq_maurice
Temple:   minmay_temple_curvy_loop
Sewer:    sewer_co_scattered_pipes

Skill      XL: |  1  2  3  4  5  6  7  8  9 |
---------------+----------------------------+-----
Stealth        | 3 4 5 6 |  6.1
Dodging        | 3 4 5 |  5.9
Spellcasting   | 4 5 6 |  6.3
Conjurations   | 5 6 7 8 |  8.7
Hexes          | 1 3 4 |  4.0
Short Blades   | 1 2 |  2.0
Evocations     | 1 3 |  3.0
Fighting       | 1 2 |  2.0
Shields        | 1 2 |  2.9
Armour         | 1 2 |  2.1

Action                   |  1- 3 |  4- 6 |  7- 9 || total
-------------------------+-------+-------+-------++-------
Melee: Club              |     2 |     2 |       ||     4
       Short sword       |       |    14 |       ||    14
       Dagger            |       |    37 |    51 ||    88
 Cast: Magic Dart        |    69 |   115 |   117 ||   301
       Searing Ray       |       |     8 |    33 ||    41
       Iskenderun's Myst |       |       |     5 ||     5
       Fulminant Prism   |       |       |     1 ||     1
  Use: Scroll            |     4 |     4 |     4 ||    12
       Potion            |       |       |     4 ||     4
 Stab: Sleeping          |     1 |     5 |     6 ||    12
  Eat: Chunk             |     4 |     5 |    10 ||    19
       Ration            |       |     1 |     1 ||     2
Armor: Robe              |     9 |     7 |       ||    16
       Leather armour    |       |       |    31 ||    31
Dodge: Dodged            |    18 |    53 |    79 ||   150
Block: Buckler           |       |       |    27 ||    27

Table legend:
 A = Non-vault XP
 B = Vault XP
 C = Vault XP percentage of total XP
 D = Non-vault monster count
 E = Vault monster count
 F = Vault count percentage of total count
                 A         B        C        D         E       F
            +---------+---------+-------+---------+---------+-------
      Total |    2944 |     789 |  21.1 |     119 |      31 |  20.7
            +---------+---------+-------+---------+---------+-------
        D:1 |      12 |       0 |   0.0 |       7 |       0 |   0.0
        D:2 |      83 |       1 |   1.2 |      22 |       1 |   4.3
        D:3 |      43 |       0 |   0.0 |      14 |       0 |   0.0
        D:4 |     206 |      12 |   5.5 |      16 |       4 |  20.0
        D:5 |     620 |     378 |  37.9 |      15 |       3 |  16.7
        D:6 |     930 |       0 |   0.0 |      24 |       0 |   0.0
        D:7 |     714 |     342 |  32.4 |      16 |       2 |  11.1
        D:8 |     336 |       0 |   0.0 |       5 |       0 |   0.0
      Sewer |       0 |      56 | 100.0 |       0 |      21 | 100.0
            +---------+---------+-------+---------+---------+-------
